 Dungeon Crawl Stone Soup version 0.17-a0-1468-gbf503c2 (webtiles) character file.

1165 pulse the Covered (level 8, 0/62 HPs)
             Began as a Formicid Berserker on July 1, 2015.
             Was a High Priest of Trog.
             Succumbed to a gnoll sergeant's poison
             ... on level 5 of the Dungeon.
             The game lasted 00:13:21 (6862 turns).

pulse the Covered (Formicid Berserker)              Turns: 6862, Time: 00:13:21

Health: 0/62       AC: 17    Str: 24    XL:     8   Next: 67%
Magic:  2/8        EV:  9    Int:  7    God:    Trog [*****.]
Gold:   328        SH:  0    Dex: 10    Spells: 0 memorised, 7 levels left

rFire  . . .     SeeInvis +     o - +0 flail (protect)
rCold  . . .     Clarity  .     d - +0 chain mail
rNeg   . . .     SustAt   .     (no shield)
rPois  .         Gourm    .     (helmet unavailable)
rElec  .         Spirit   +     (no cloak)
rCorr  .         Warding  .     h - +1 pair of gloves
rMut   .         Stasis   +     (no boots)
MR     ++...                    j - amulet of guardian spirit
Stlth  ..........               (no ring)
                                (no ring)

@: lethally poisoned (0 -> -8), regenerating, very resistant to hostile
enchantments, extremely unstealthy
A: permanent stasis, dig shafts and tunnels, four strong arms, antennae 3
a: Dig, Shaft Self, Burn Spellbooks, Trog's Hand, Brothers in Arms, Renounce
Religion


You were on level 5 of the Dungeon.
You worshipped Trog.
Trog was extremely pleased with you.
You were not hungry.

You visited 1 branch of the dungeon, and saw 6 of its levels.

You collected 328 gold pieces.

Inventory:

Hand weapons
 a - a +0 hand axe
 o - a +0 flail of protection (weapon)
Armour
 b - a +0 animal skin
 d - a +0 chain mail (worn)
 h - a +1 pair of gloves (worn)
Jewellery
 i - an uncursed amulet of clarity
 j - an amulet of guardian spirit (around neck)
 s - an uncursed amulet of resist mutation
Scrolls
 e - a scroll of remove curse
 g - 3 scrolls of fear
 k - a scroll of enchant weapon {unknown}
 l - a scroll of blinking {unknown}
 n - 2 scrolls of fog
 r - 3 scrolls of identify
Books
 t - a book of Transfigurations

   Spells                             Type                      Level
   a - Stoneskin                      Transmutation/Earth          2
   b - Irradiate                      Conjuration/Transmutation    5
   c - Statue Form                    Transmutation/Earth          6
   d - Hydra Form                     Transmutation                6
   e - Dragon Form                    Transmutation                7
   Trog disapproves of the use of such an item.
Comestibles
 c - 3 bread rations
 f - 4 meat rations
 p - a chunk of flesh
 q - 2 fruits
 u - a slice of pizza


   Skills:
 + Level 5.0 Fighting
 * Level 7.1 Axes
 + Level 7.2 Armour
 - Level 1.7 Dodging


You had 7 spell levels left.
You didn't know any spells.

Dungeon Overview and Level Annotations

Branches:
Dungeon (6/15)             Temple (0/1) D:5

Altars:
Dithmenos
Elyvilon
Kikubaaqudgha
Okawaru
Sif Muna
Trog
Xom
Zin
The Shining One

Shops:
D:5 =

Annotations:
D:4 Eustachio


Innate Abilities, Weirdness & Mutations

You are under a permanent stasis effect.
You can dig through walls and to a lower floor.
Your four strong arms can wield two-handed weapons with a shield.
You have a pair of large antennae on your head (SInv).


Message History

You feel slightly more hungry.
You feel sick.
You hit the gnoll sergeant.
The gnoll sergeant is almost dead.
You feel sick.
The gnoll sergeant completely misses you.
The gnoll sergeant hits you but does no damage.
The gnoll sergeant blocks your attack.
The gnoll sergeant is almost dead.
You feel very sick.
The gnoll sergeant hits you with a spear of venom!
* * * LOW HITPOINT WARNING * * *
You are lethally poisoned!
The gnoll sergeant blocks your attack.
The gnoll sergeant is almost dead.
* * * LOW HITPOINT WARNING * * *
You feel very sick. The gnoll sergeant misses you.
The gnoll sergeant blocks your attack.
The gnoll sergeant is almost dead.
You die...

######## #......# # #......#
# ### #......# #
#[###########....^.# ##
#.......@g..'......#
.########.###########......#
..................{......>.#
.########...######.........#
.# ####........#.##....<.#
.### #..........##.##......#
...###.............##......#
.#...#.........######......#
.#...#.........'...#####'###


You could see a gnoll sergeant.

Vanquished Creatures
  Sigmund (D:5)
  The ghost of pulse the Chopper, an average FoBe of Trog (D:3)
  4 ogres
  A crimson imp (D:3)
  A giant frog skeleton (D:5)
  3 orc priests (D:4)
  A hound (D:5)
  An orc wizard (D:4)
  An iguana (D:5)
  2 worker ants (D:4)
  A hound skeleton (D:4)
  6 adders
  5 gnolls
  A shadow imp (D:5)
  An ooze (D:1)
  5 worms
  3 giant geckos
  24 orcs
  8 hobgoblins
  9 jackals
  8 kobolds
  2 quokkas
  4 ball pythons
  9 bats
  9 giant cockroaches
  7 giant newts
  26 goblins
  14 rats
158 creatures vanquished.

Notes
Turn   | Place    | Note
--------------------------------------------------------------
     0 | D:1      | pulse the Formicid Berserker began the quest for the Orb.
     0 | D:1      | Reached XP level 1. HP: 18/18 MP: 1/1
   103 | D:1      | Reached XP level 2. HP: 21/24 MP: 2/2
   275 | D:1      | Reached XP level 3. HP: 25/29 MP: 3/3
   506 | D:1      | Acquired Trog's second power
   702 | D:2      | Reached skill level 4 in Axes
   853 | D:2      | Reached XP level 4. HP: 19/35 MP: 4/4
  1789 | D:2      | Found a deep blue altar of Sif Muna.
  1868 | D:3      | Reached XP level 5. HP: 38/41 MP: 5/5
  2080 | D:3      | Reached skill level 5 in Axes
  2433 | D:3      | Found an iron altar of Okawaru.
  2511 | D:3      | Found a shimmering altar of Xom.
  2512 | D:3      | Noticed pulse's ghost (average FoBe)
  2580 | D:3      | Killed pulse's ghost
  2580 | D:3      | Reached XP level 6. HP: 29/47 MP: 6/6
  3216 | D:3      | Found a white marble altar of Elyvilon.
  3218 | D:3      | Found a glowing golden altar of the Shining One.
  3219 | D:3      | Found a glowing silver altar of Zin.
  3368 | D:4      | Acquired Trog's third power
  3376 | D:4      | Reached skill level 6 in Axes
  3648 | D:4      | Reached XP level 7. HP: 43/52 MP: 5/7
  3879 | D:4      | Found an ancient bone altar of Kikubaaqudgha.
  4175 | D:4      | Reached skill level 5 in Armour
  4502 | D:4      | Found a bloodstained altar of Trog.
  4892 | D:5      | Entered Level 5 of the Dungeon
  4916 | D:5      | Noticed Eustachio
  5433 | D:5      | Reached XP level 8. HP: 42/60 MP: 5/8
  5878 | D:5      | Noticed Sigmund
  5893 | D:5      | Killed Sigmund
  5893 | D:5      | Reached skill level 7 in Axes
  6035 | D:5      | Found Uli Reext's Jewellery Boutique.
  6316 | D:5      | Found a staircase to the Ecumenical Temple.
  6396 | D:5      | Found a shadowy altar of Dithmenos.
  6688 | D:5      | Reached skill level 5 in Fighting
  6860 | D:5      | HP: 3/62 [gnoll sergeant/spear of venom (3)]
  6862 | D:5      | Succumbed to a gnoll sergeant's poison

Vault maps used:
D:1:      dpeg_arrival_subterranean_lakeside_camping
D:2:      nicolae_overflow_hidden_temple, first_bread, grunt_ministairs_14,
          hangedman_abyss_or_decor_stabs, kennysheep_generic_room_12
D:3:      good_gods_temple_1, xom_teletrap_fun, lemuel_crystal_altar
D:4:      old_standard_altar, lemuel_crystal_altar
D:5:      kennysheep_mini, minmay_temple_entry_grid, serial_shops, shop,
          uniq_sigmund, uniq_eustachio
D:6:      evilmike_ruin_ashenzari, uniq_prince_ribbit1, uniq_crazy_yiuf_cottage,
          uniq_grinder

Action                   |  1- 3 |  4- 6 |  7- 9 || total
-------------------------+-------+-------+-------++-------
Melee: Hand axe          |   108 |   352 |       ||   460
       Flail             |       |    23 |   293 ||   316
Invok: Trog's Hand       |       |       |     1 ||     1
  Use: Scroll            |     4 |     2 |     1 ||     7
       Potion            |       |     5 |     5 ||    10
  Eat: Chunk             |       |     5 |     9 ||    14
       Bread ration      |       |     1 |       ||     1
       Fruit             |       |     1 |       ||     1
       Beef jerky        |       |       |     1 ||     1
